 Dungeon Crawl Stone Soup version 0.30-a0-900-g23479c02f2 (webtiles) character file.

Game seed: 8122219571405465060

12501 jlumianski the Demonic Catastrophe (level 11, -11/87 HPs)
             Began as a Demonspawn Fighter on Mar 18, 2023.
             Was an Elder of Qazlal.
             Mangled by a minotaur
             ... wielding the +11 rapier of Xeic {vamp, *Rage rC++ rN+++ Str-5}
              (29 damage)
             ... in a Gauntlet.
             The game lasted 00:42:25 (8989 turns).

jlumianski the Demonic Catastrophe (DsFi)           Turns: 8989, Time: 00:42:25

Health: -11/87     AC: 21    Str: 24      XL:     11   Next: 63%
Magic:  0/18       EV:  6    Int:  7 (10) God:    Qazlal [****..]
Gold:   432        SH: 14    Dex: 11 (12) Spells: 10/10 levels left

rFire   + . .      SeeInvis .    D - +5 hand axe of the Inferno {pain, +Blink rPois}
rCold   x . .      Faith    .    F - +0 kite shield
rNeg    . . .      Spirit   +    u - +0 plate armour
rPois   +          Reflect  .    (no helmet)
rElec   +          Rampage  .    H - +2 cloak
rCorr   .          NoTele   +    (no gloves)
Will    +....                    w - +1 pair of boots {Stlth+} Stlth
                                 j - amulet of guardian spirit
HPRegen 0.34/turn                o - ring of flight
MPRegen 0.16/turn                c - ring of Aptetish {Fire rElec Will+ Str+3}

@: flying, repel missiles
A: slimy green scales 2, spiny 2, weakness stinger 1
a: Renounce Religion, Evoke Blink, Upheaval, Elemental Force


You were in a Gauntlet.
You worshipped Qazlal.
Qazlal was greatly pleased with you.
You visited 3 branches of the dungeon, and saw 13 of its levels.
You also visited: Gauntlet.

You collected 616 gold pieces.
You spent 184 gold pieces at shops.

Inventory:

Hand Weapons
 D - the +5 hand axe of the Inferno (weapon) {pain, +Blink rPois}
   (You bought it in a shop on level 2 of the Dungeon)

   rPois:     It protects you from poison.
   +Blink:    It lets you blink.
 M - a +3 spear of freezing
Missiles
 v - 13 poisoned darts
 z - 6 boomerangs (quivered)
 N - 4 throwing nets
 Q - a curare-tipped dart
Armour
 b - a +1 hat of see invisible
 u - a +0 plate armour (worn)
 w - a +1 pair of boots of stealth (worn)
 F - a +0 kite shield (worn)
 H - a +2 cloak (worn)
 K - +0 acid dragon scales
Jewellery
 a - an amulet of the acrobat
 c - the ring of Aptetish (right hand) {Fire rElec Will+ Str+3}
   (You found it in a Gauntlet)

   [ring of fire]

   It enhances your fire magic.
   Str:       It affects your strength (+3).
   rF:        It protects you from fire.
   rC:        It makes you vulnerable to cold.
   rElec:     It insulates you from electricity.
   Will:      It increases your willpower.
 d - a +5 ring of evasion
 i - a ring of magical power
 j - an amulet of guardian spirit (around neck)
 o - a ring of flight (left hand)
 x - a ring of protection from cold
 G - a ring of fire
Wands
 E - a wand of flame (33)
 J - a wand of iceblast (13)
 U - a wand of charming (6)
Scrolls
 e - a scroll of brand weapon
 f - 7 scrolls of enchant weapon
 h - a scroll of summoning
 l - 2 scrolls of magic mapping
 n - 2 scrolls of poison
 p - 6 scrolls of teleportation
 y - a scroll of fear
 A - a scroll of immolation
 I - 2 scrolls of blinking
 R - a scroll of fog
Potions
 g - a potion of invisibility {unknown}
 m - a potion of lignification
 r - a potion of curing
 s - 2 potions of brilliance
 B - 2 potions of degeneration
 C - a potion of cancellation
 L - 2 potions of haste
 O - a potion of flight
 T - a potion of magic


   Skills:
 * Level 8.6 Fighting
 + Level 8.7 Axes
 + Level 1.7 Throwing
 + Level 6.9 Armour
 + Level 2.1 Dodging
 - Level 0.4 Stealth
 + Level 7.1 Shields
 * Level 9.6 Invocations
 * Level 5.9 Evocations


You had 10 spell levels left.
You didn't know any spells.
Your spell library contained the following spells:

 Spells                   Type           Power      Damage    Failure   Level
 Magic Dart               Conj           0%         1d3       100%        1
 Sandblast                Erth           0%         2d4       100%        1
 Call Imp                 Summ           0%         N/A       100%        2
 Passwall                 Tmut/Erth      0%         N/A       100%        2
 Scorch                   Fire           0%         2d5       100%        2
 Ignite Poison            Fire/Tmut/Pois 0%         N/A       100%        3
 Kindle Blastsparks       Fire/Tloc/Air  0%         2d10      100%        3
 Mephitic Cloud           Conj/Pois/Air  0%         N/A       100%        3
 Stone Arrow              Conj/Erth      0%         3d7       100%        3
 Animate Armour           Summ/Erth      0%         N/A       100%        4
 Flame Wave               Conj/Fire      0%         2d4       100%        4
 Fulminant Prism          Conj/Hex       0%         3d5       100%        4
 Iskenderun's Mystic Bla  Conj/Tloc      0%         2d3       100%        4
 Freezing Cloud           Conj/Ice/Air   0%         6-21      100%        5
 Iskenderun's Battlesphe  Conj           0%         2d6       100%        5
 Lee's Rapid Deconstruct  Erth           0%         3d4*      100%        5
 Iron Shot                Conj/Erth      0%         9d1       100%        6
 Summon Cactus Giant      Summ           0%         N/A       100%        6
 Spellforged Servitor     Conj/Summ      0%         N/A       100%        7
 Lehudib's Crystal Spear  Conj/Erth      0%         10d2      100%        8


Dungeon Overview and Level Annotations

Branches:
Dungeon (11/15)            Temple (1/1) D:4            Lair (0/5) D:11
    Orc (1/2) D:9         Gauntlet (1/1)

Altars:
Dithmenos
Gozag
Hepliaklqana
Makhleb
Qazlal
Uskayaw
Wu Jian
Yredelemnul

Shops:
D:2 (   D:4 :*   D:5 (

Annotations:
Gauntlet 6 runed translucent doors, 2 transporters, exclusions: ice statue and 2 lightning spires


Innate Abilities, Weirdness & Mutations

You are mostly covered in slimy green scales. (AC +3)
You are mostly covered in sharp spines.
You have a small tail.


Message History

You kill the fire bat!
Qazlal accepts your kill.
You slash the hell hound! The hell hound breathes flames at you.
The blast of flame hits you. You resist. You block the hell hound's attack.
You slash the hell hound!
You kill the hell hound!
Qazlal accepts your kill.
There is a transporter here.
d - a +5 ring of evasion
g - a glowing grey potion
There is a transporter here.
i - a ring of magical power
Okay, then.
There is a transporter here.
You enter the transporter and appear at another place.
Okay, then.
Unknown command.
Okay, then.
You hear a bellow!
A minotaur comes into view.
It is wielding a +2 hand crossbow of freezing and quivering silver javelins.
The minotaur bellows!
The minotaur shoots a bolt.
You block the bolt.
The minotaur shoots a bolt.
The bolt closely misses you.
The minotaur shoots a bolt.
The bolt hits you but does no damage.
The minotaur unwields a +2 hand crossbow of freezing.
The minotaur wields the +11 rapier of Xeic {vamp, *Rage rC++ rN+++ Str-5}.
You block the minotaur's attack.
The minotaur goes berserk!
You block the minotaur's attack.
You closely miss the minotaur.
The minotaur furiously retaliates!
The minotaur headbutts you, but does no damage.
The minotaur hits you with the +11 rapier of Xeic {vamp, *Rage rC++ rN+++ Str-5}!!!
You block the minotaur's attack.
The minotaur hits you with the +11 rapier of Xeic {vamp, *Rage rC++ rN+++ Str-5}!!!
* * * LOW HITPOINT WARNING * * *
You block the minotaur's attack.
You feel better. The minotaur is struck by your spines.
The minotaur hits you with the +11 rapier of Xeic {vamp, *Rage rC++ rN+++ Str-5}!!
You die...

####........#.8.#..#[#..#©
#....######.#...#..#!#..#.
#.##.#..#.#.#.8.#..#..##^#
# #....##.#.#...#..#......
#.#####.#.#...#..#######
#.# 8#.#.#.©.#≈........
#.# ..#.....#∩........ #.#
#H#.#.©.#§........
#.#####@#.#...#..#######
#....##.#.#...#..#......
####....#.#.8.#..#.#.#.#
######.#...#..#..#.#.
..#§8.#..#.#.#.#
###§..#..#©.#.©.
#§8≈#..#.#†#.#
#####..#..#.#. #..#.#.#.#


You could see a minotaur (berserk).

Vanquished Creatures
  Harold (D:10)
  A two-headed ogre (D:9)
  A death scarab (Gauntlet)
  A fire crab (Gauntlet)
  A death drake (Gauntlet)
  Pikel (D:8)
  A wolf spider zombie (Gauntlet)
  A spectral centaur (Gauntlet)
  Maurice (D:8)
  A kobold demonologist (D:9)
  Maggie (D:6)
  A harpy zombie (Gauntlet)
  A spectral harpy (Gauntlet)
  A troll (D:9)
  2 shadows
  A wyvern (D:9)
  9 yaks
  4 fire bats (Gauntlet)
  A spectral cane toad (Gauntlet)
  A hell hound (Gauntlet)
  3 water moccasins
  3 black bears
  2 ice beasts (D:5)
  3 sky beasts
  4 orc warriors
  2 ogres
  3 centaurs
  2 phantoms
  A kobold brigand (D:7)
  3 bullfrogs
  2 scorpions (D:5)
  A wyvern zombie (D:6)
  3 gnoll sergeants
  12 killer bees
  A bullfrog zombie (D:6)
  2 centaur zombies (D:6)
  A hound (D:6)
  2 jellies
  3 orc priests
  A gnoll bouda (D:6)
  Crazy Yiuf (D:5)
  2 sleepcaps
  Terence (D:2)
  2 iguanas
  14 orc wizards
  2 killer bee zombies (D:6)
  8 adders
  20 gnolls
  3 white imps
  3 ufetubi
  A worm (D:3)
  3 dart slugs
  27 orcs
  6 ball pythons
  12 endoplasms
  3 giant cockroaches
  3 goblins
  8 hobgoblins
  3 jackals (D:4)
  22 kobolds
  4 quokkas
  9 bats
  6 frilled lizards
  5 rats
254 creatures vanquished.

Vanquished Creatures (others)
  A gnoll (D:6)
  5 fungi (D:5)
  6 plants (D:3)
12 creatures vanquished.

Grand Total: 266 creatures vanquished

Notes
Turn   | Place    | Note
-------+----------+-------------------------------------------
     0 | D:1      | jlumianski the Demonspawn Fighter began the quest for the
                  | Orb.
     0 | D:1      | Reached XP level 1. HP: 18/18 MP: 1/1
   132 | D:1      | Gained mutation: You are partially covered in slimy green
                  | scales. (AC +2) [demonic ancestry]
   132 | D:1      | Reached XP level 2. HP: 21/24 MP: 2/2
   364 | D:1      | Gained mutation: You are partially covered in sharp spines.
                  | [demonic ancestry]
   364 | D:1      | Reached XP level 3. HP: 29/29 MP: 3/3
   841 | D:2      | Found Loraush's Antique Weapon Emporium.
  1106 | D:2      | Noticed Terence
  1256 | D:2      | Killed Terence
  1257 | D:2      | Gained mutation: You are mostly covered in sharp spines.
                  | [demonic ancestry]
  1257 | D:2      | Reached XP level 4. HP: 31/37 MP: 4/4
  1863 | D:4      | Found a shadowy altar of Dithmenos.
  1882 | D:3      | Reached XP level 5. HP: 30/42 MP: 3/5
  1968 | D:3      | Reached skill level 1 in Throwing
  2317 | D:5      | Entered Level 5 of the Dungeon
  2434 | D:4      | Found a hazy altar of Hepliaklqana.
  2450 | D:4      | Found Yha Keam's Tremendous Tomes.
  2484 | D:4      | Found a staircase to the Ecumenical Temple.
  2500 | Temple   | Entered the Ecumenical Temple
  2515 | Temple   | Became a worshipper of Qazlal Stormbringer
  2537 | D:4      | Reached skill level 1 in Invocations
  2674 | D:5      | Noticed a water moccasin
  2683 | D:4      | Killed a water moccasin
  2684 | D:4      | Reached skill level 2 in Invocations
  2684 | D:4      | Reached XP level 6. HP: 44/48 MP: 7/7
  2743 | D:2      | Bought a brightly glowing hand axe for 184 gold pieces
  2743 | D:2      | Identified the +5 hand axe of the Inferno {pain, +Blink
                  | rPois} (You bought it in a shop on level 2 of the Dungeon)
  2816 | D:4      | Found Ilevvin's Serpentskin Sales.
  3021 | D:5      | Found Ipaoponu's Antique Weapon Shoppe.
  3116 | D:6      | Noticed an orc warrior
  3172 | D:5      | Killed an orc warrior
  3173 | D:5      | Reached skill level 3 in Invocations
  3173 | D:5      | Reached XP level 7. HP: 26/55 MP: 2/9
  3568 | D:5      | Found an ornate altar of the Wu Jian Council.
  3638 | D:5      | Reached skill level 5 in Axes
  3903 | D:5      | Found a runed translucent door.
  3904 | D:5      | Noticed Crazy Yiuf
  3911 | D:5      | Killed Crazy Yiuf
  3912 | D:5      | Reached skill level 1 in Dodging
  4111 | D:5      | Reached skill level 4 in Invocations
  4111 | D:5      | Reached XP level 8. HP: 58/61 MP: 8/11
  4127 | D:5      | Reached * piety under Qazlal
  4128 | D:5      | Reached skill level 5 in Fighting
  4305 | D:6      | Found a basalt altar of Yredelemnul.
  4334 | D:6      | Noticed Maggie
  4363 | D:6      | Killed Maggie
  4364 | D:6      | Reached skill level 5 in Armour
  4364 | D:6      | Reached skill level 5 in Invocations
  4364 | D:6      | Reached skill level 1 in Evocations
  4733 | D:6      | Gained mutation: You are mostly covered in slimy green
                  | scales. (AC +3) [demonic ancestry]
  4733 | D:6      | Reached XP level 9. HP: 66/69 MP: 13/13
  4971 | D:6      | Reached ** piety under Qazlal
  5631 | D:7      | Noticed Pikel
  5647 | D:8      | Killed Pikel
  5648 | D:8      | Reached skill level 6 in Invocations
  5733 | D:8      | Reached skill level 5 in Shields
  5755 | D:8      | Gained mutation: You have a small tail. [demonic ancestry]
  5755 | D:8      | Reached XP level 10. HP: 26/77 MP: 6/15
  5756 | D:8      | Reached skill level 7 in Invocations
  6822 | D:8      | Noticed Maurice
  6833 | D:8      | Killed Maurice
  7104 | D:10     | Entered Level 10 of the Dungeon
  7163 | D:9      | Reached *** piety under Qazlal
  7297 | D:9      | Found a staircase to the Orcish Mines.
  7311 | Orc:1    | Entered Level 1 of the Orcish Mines
  7423 | D:9      | Reached skill level 8 in Invocations
  7452 | D:9      | Found an opulent altar of Gozag.
  7626 | D:9      | Found a hide-covered altar of Uskayaw.
  7667 | D:9      | Noticed a two-headed ogre
  7686 | D:9      | Killed a two-headed ogre
  7831 | D:10     | Noticed a smoke demon
  7991 | D:10     | Noticed Harold
  8006 | D:10     | Killed Harold
  8007 | D:10     | Reached skill level 5 in Evocations
  8007 | D:10     | Reached XP level 11. HP: 78/86 MP: 15/17
  8328 | D:11     | Reached **** piety under Qazlal
  8352 | D:11     | Found a gate leading to a gauntlet.
  8377 | Gauntlet | Entered a Gauntlet
  8377 | Gauntlet | Noticed a death scarab
  8377 | Gauntlet | Found a large runed translucent door.
  8377 | Gauntlet | Found a large runed translucent door.
  8377 | Gauntlet | Found a large runed translucent door.
  8377 | Gauntlet | Found a large runed translucent door.
  8377 | Gauntlet | Found a large runed translucent door.
  8377 | Gauntlet | Found a large runed translucent door.
  8377 | Gauntlet | Found a large runed translucent door.
  8377 | Gauntlet | Found a large runed translucent door.
  8377 | Gauntlet | Found a runed translucent door.
  8377 | Gauntlet | Found a runed translucent gate.
  8377 | Gauntlet | Found a transporter.
  8377 | Gauntlet | Found a transporter.
  8377 | Gauntlet | Found a runed translucent gate.
  8377 | Gauntlet | Found a transporter.
  8377 | Gauntlet | Found a transporter.
  8378 | Gauntlet | Found a runed translucent door.
  8378 | Gauntlet | Found a runed translucent gate.
  8382 | Gauntlet | Found a transporter.
  8386 | Gauntlet | Found a transporter.
  8428 | Gauntlet | Found a transporter.
  8430 | Gauntlet | Found a transporter.
  8449 | Gauntlet | Found a transporter.
  8469 | Gauntlet | Noticed a fire crab
  8471 | Gauntlet | Found a transporter.
  8483 | Gauntlet | Found a transporter.
  8487 | Gauntlet | Found a transporter.
  8487 | Gauntlet | Noticed a dire elephant
  8498 | Gauntlet | Noticed a death drake
  8508 | Gauntlet | Found a large runed translucent door.
  8509 | Gauntlet | Found a large runed translucent door.
  8524 | Gauntlet | Found a large runed translucent door.
  8524 | Gauntlet | Found a large runed translucent door.
  8525 | Gauntlet | Found a large runed translucent door.
  8526 | Gauntlet | Found a large runed translucent door.
  8536 | Gauntlet | Found a large runed translucent door.
  8536 | Gauntlet | Found a large runed translucent door.
  8620 | Gauntlet | Killed a death scarab
  8662 | Gauntlet | Killed a death drake
  8663 | Gauntlet | Reached skill level 9 in Invocations
  8683 | Gauntlet | Identified the ring of Aptetish {Fire rElec Will+ Str+3}
  8924 | Gauntlet | Killed a fire crab
  8984 | Gauntlet | Identified the +11 rapier of Xeic {vamp, *Rage rC++ rN+++
                  | Str-5}
  8984 | Gauntlet | Noticed a minotaur
  8989 | Gauntlet | Mangled by a minotaur

Illustrated notes

Levels and vault maps discovered:
D:1:      moated_graveyard_arrival, layout_basic, st_stairs_4
D:2:      wander_river, layout_basic, serial_shops, nicolae_shop_hallway_plus,
          uniq_terence
D:3:      layout_rooms, serial_forest, infiniplex_forest_clump_C,
          infiniplex_forest_lined_1, infiniplex_forest_clump_diagonal,
          infiniplex_forest_corner_1, infiniplex_forest_straight_2,
          infiniplex_forest_end_2
D:4:      layout_basic, mainiacjoe_overflow_brackets,
          mainiacjoe_overflow_tiny_flanked, minmay_temple_entry_grid,
          nicolae_shop_i_like_big_books, guppyfry_shop_venom
D:5:      layout_loops_ring, nicolae_wu_jian_glorious_leap, serial_shops, shop,
          uniq_crazy_yiuf_cottage
D:6:      layout_basic, nicolae_yredelemnul_corpse_copse,
          nicolae_elevator_lobby_asterisk, uniq_maggie
D:7:      layout_gridville, uniq_pikel
D:8:      layout_loops_ring, uniq_maurice
D:9:      layout_small_grid, mainiacjoe_overflow_chevrons,
          lemuel_coloured_pillars_altar, minmay_orc_entry_temple_small
D:10:     layout_loops_ring, tso_metal_star, nemelex_spade_bored_becter,
          st_stairs_8, uniq_harold
D:11:     layout_roguey [special_room_kobold], lair_entry_dummy, serial_shops,
          bzr_entry_customers, kennysheep_mini_moat, nicolae_shop_statue_plus,
          gauntlet_entry_generic
Temple:   nicolae_temple_superstar
Orc:1:    minmay_goldmine, layout_diamond_mine, serial_shops,
          nicolae_lakefront_shop, nicolae_shop_overcharged_wands
Gauntlet: gammafunk_gauntlet_hard_choice [nicolae_gauntlet_arena_t_cross,
          minmay_gauntlet_arena_make_your_own_arena,
          nicolae_gauntlet_arena_blocks, gammafunk_gauntlet_arena_chambers,
          nicolae_gauntlet_arena_quarters, gammafunk_gauntlet_arena_grid,
          dreamdust_gauntlet_exit_labyrinth]

Skill      XL: |  1  2  3  4  5  6  7  8  9 10 11 |
---------------+----------------------------------+-----
Shields        | 3 5 6 7 |  7.1
Axes           | 2 3 4 5 6 7 8 |  8.7
Armour         | 3 4 5 6 |  6.9
Throwing       | 1 |  1.7
Invocations    | 2 3 4 5 6 8 9 |  9.6
Fighting       | 4 5 6 7 8 |  8.6
Dodging        | 1 2 |  2.1
Evocations     | 1 3 5 |  5.9
Stealth        | |  0.4

Action                     |  1- 3 |  4- 6 |  7- 9 | 10-12 || total
---------------------------+-------+-------+-------+-------++-------
  Melee: War axe           |   118 |    72 |       |       ||   190
         Hand axe          |       |    29 |   220 |   289 ||   538
         Tailslap          |       |       |       |    44 ||    44
  Throw: Stone             |    14 |       |       |       ||    14
         Dart              |       |     2 |     3 |       ||     5
         Boomerang         |       |       |     4 |     2 ||     6
Ability: Evoke Blink       |       |     2 |       |     1 ||     3
  Evoke: Wand              |       |       |       |     1 ||     1
    Use: Potion            |     2 |     1 |     1 |     5 ||     9
         Scroll            |     1 |     5 |     8 |     6 ||    20
 Armour: Scale mail        |    70 |       |       |       ||    70
         Chain mail        |       |    59 |     1 |       ||    60
         Plate armour      |       |       |   151 |   215 ||   366
  Dodge: Dodged            |    49 |    34 |    38 |    57 ||   178
  Block: Buckler           |    36 |    22 |     1 |       ||    59
         Kite shield       |       |       |   120 |   243 ||   363

Table legend: (Time is in decaauts)
 A = Elapsed time spent in this place.
 B = Non-inter-level travel time spent in this place.
 C = Inter-level travel time spent in this place.
 D = Time resting spent in this place.
 E = Time spent auto-exploring this place.
 F = Levels seen in this place.
 G = Mean time per level.
                   A        B        C        D        E       F      G
               +--------+--------+--------+--------+--------+-----+--------+
         Total |   9149 |   8868 |    281 |    414 |   4713 |  14 |  653.5 |
       Dungeon |   8501 |   8220 |    281 |    199 |   4709 |  11 |  772.8 |
        Temple |     29 |     29 |      0 |      0 |      4 |   1 |   29.0 |
  Orcish Mines |      1 |      1 |      0 |      0 |      0 |   1 |    1.0 |
      Gauntlet |    616 |    616 |      0 |    215 |      0 |   1 |  616.0 |
               +--------+--------+--------+--------+--------+-----+--------+

Top non-repeatable levels by time:
     D:6: 1194 daAuts
     D:5: 1132 daAuts
     D:7: 1015 daAuts
     D:2: 949 daAuts
     D:1: 833 daAuts
     D:9: 809 daAuts
     D:8: 742 daAuts
     D:4: 703 daAuts
Gauntlet: 616 daAuts
     D:3: 567 daAuts
    D:10: 430 daAuts
    D:11: 125 daAuts
  Temple: 29 daAuts
   Orc:1: 1 daAuts
